 Dungeon Crawl Stone Soup version 0.30-a0-377-g5cb311bc9f (console) character file.

Game seed: 11649749420498806948

427 rlgrobin the Magician (level 6, -13/36 HPs)
             Began as a Deep Elf Chaos Knight on Nov 29, 2022.
             Was a Plaything of Xom.
             Mangled by an iguana (18 damage)
             ... on level 5 of the Dungeon.
             The game lasted 00:08:13 (3418 turns).

rlgrobin the Magician (Deep Elf Chaos Knight)       Turns: 3418, Time: 00:08:13

Health: -13/36     AC:  7    Str:  8 (9)  XL:     6   Next: 65%
Magic:  15/15      EV: 12    Int: 19      God:    Xom [..*...]
Gold:   150        SH:  0    Dex: 14      Spells: 12/15 levels left

rFire   . . .      SeeInvis .    a - +0 short sword (chaos)
rCold   . . .      Faith    .    (no shield)
rNeg    . . .      Spirit   .    b - +2 leather armour
rPois   .          Reflect  .    m - +1 helmet
rElec   .          Harm     .    (no cloak)
rCorr   .          Rampage  .    (no gloves)
Will    .....                    (no boots)
Stlth   ++........               (no amulet)
HPRegen 0.26/turn                (no ring)
MPRegen 0.14/turn                (no ring)

@: brilliant, unable to drink
A: deterioration 1, inability to drink after injury 1
a: Renounce Religion


You were on level 5 of the Dungeon.
You worshipped Xom.
You were a toy of Xom.
You visited 1 branch of the dungeon, and saw 6 of its levels.

You collected 234 gold pieces.
You spent 84 gold pieces at shops.

Inventory:

Hand Weapons
 a - a +0 short sword of chaos (weapon)
 w - the +6 spear of Xoej {vamp, Dex+4}
   (You found it on level 6 of the Dungeon)

   It occasionally heals its wielder for a portion of the damage dealt when it
   wounds a living foe.
   Dex:       It affects your dexterity (+4).
Missiles
 e - 9 poisoned darts (quivered)
Armour
 b - a +2 leather armour (worn)
 m - a +1 helmet (worn)
Magical Staves
 p - a staff of cold
Scrolls
 d - 2 scrolls of amnesia {unknown}
 f - 3 scrolls of identify {unknown}
 i - 3 scrolls of fear {unknown}
 j - a scroll of vulnerability {unknown}
 l - 3 scrolls of butterflies {unknown}
 q - 3 scrolls of noise {unknown}
 r - 2 scrolls of enchant weapon {unknown}
 s - a scroll of teleportation
 u - a scroll of enchant armour {unknown}
 y - a scroll of torment {unknown}
Potions
 g - a potion of flight {unknown}
 h - a potion of brilliance
 k - a potion of resistance {unknown}
 n - 2 potions of degeneration {unknown}
 o - a potion of attraction {unknown}
 t - 2 potions of curing
 v - a potion of cancellation {unknown}
 x - 2 potions of invisibility {unknown}
 z - a potion of might {unknown}
Miscellaneous
 c - a piece from Xom's chessboard (15/15)


   Skills:
 - Level 2.4 Fighting
 - Level 3.0 Short Blades
 - Level 0.7 Armour
 - Level 2.4 Dodging
 - Level 3.6 Stealth
 - Level 5.1 Spellcasting
 + Level 4.0 Conjurations
 - Level 1.8 Transmutations
 + Level 1.5 Ice Magic


You had 12 spell levels left.
You knew the following spells:

 Your Spells              Type           Power      Damage    Failure   Level
a - Beastly Appendage     Tmut           34%        N/A       9%          1
b - Momentum Strike       Conj/Tloc      36%        3d9       12%         2

Your spell library contained the following spells:

 Spells                   Type           Power      Damage    Failure   Level
 Wereblood                Tmut           17%        N/A       12%         2
 Ensorcelled Hibernation  Hex/Ice        22%        N/A       19%         2
 Passwall                 Tmut/Erth      10%        N/A       19%         2
 Stone Arrow              Conj/Erth      36%        3d9       22%         3
 Frozen Ramparts          Ice            30%        1d5       28%         3
 Spider Form              Tmut/Pois      12%        N/A       34%         3
 Swiftness                Air            7%         N/A       45%         3
 Ice Form                 Ice/Tmut       16%        N/A       65%         4
 Summon Ice Beast         Ice/Summ       11%        N/A       77%         4
 Irradiate                Conj/Tmut      12%        3d15      82%         5
 Conjure Ball Lightning   Conj/Air       9%         3x3d6     100%        6


Dungeon Overview and Level Annotations

Branches:
Dungeon (6/15)
 Temple: D:4-7

Altars:
Nemelex Xobeh

Shops:
D:3 *


Innate Abilities, Weirdness & Mutations

Your body sometimes deteriorates upon taking damage.
You occasionally lose the ability to drink potions when taking damage.


Message History

You see here a scroll labelled TIMEBRUOCAR.
You hit the iguana but do no damage.
The iguana bites you but does no damage.
You hit the iguana. Your punch misses the iguana.
The iguana is moderately wounded.
The iguana bites you!
You hit the iguana but do no damage.
The iguana seems to speed up.
The iguana is moderately wounded.
The iguana barely misses you.
You closely miss the iguana.
The iguana is moderately wounded.
The iguana bites you.
You hit the iguana but do no damage.
The iguana resists with some effort.
The iguana is moderately wounded.
The iguana closely misses you.
You hit the iguana but do no damage.
The iguana seems to grow stronger.
The iguana is moderately wounded.
The iguana closely misses you.
You closely miss the iguana.
The iguana is moderately wounded.
Xom grants you a minor favour.
You feel clever all of a sudden. The iguana barely misses you.
The iguana bites you!
You closely miss the iguana.
The iguana is moderately wounded.
The iguana barely misses you.
You completely miss the iguana.
The iguana is moderately wounded.
The iguana bites you!
You feel threatened and lose the ability to drink potions!
* * * LOW HITPOINT WARNING * * *
You barely miss the iguana.
The iguana is moderately wounded.
The iguana closely misses you.
You closely miss the iguana. Your punch misses the iguana.
The iguana is moderately wounded.
The iguana barely misses you. The iguana bites you!!
Ouch! That really hurt!
You die...
Xom is highly amused!

### ##⌠##
##@..##
#8l..8# #
##...## #
#...# #
##...## #
#8...8#
##...##
### #...#
..## .#
##...#####


You could see an iguana (fast, strong, agile).

Vanquished Creatures
  2 ice beasts (D:5)
  A scorpion (D:5)
  A hound (D:4)
  Natasha (twice) (D:3)
  An orc wizard (D:5)
  An adder (D:2)
  An ufetubus (D:6)
  A dart slug (D:1)
  5 orcs
  5 ball pythons
  6 endoplasms
  2 giant cockroaches (D:1)
  6 goblins
  4 hobgoblins
  4 jackals (D:3)
  2 kobolds (D:1)
  3 quokkas
  5 bats
  5 frilled lizards
  6 rats
63 creatures vanquished.

Vanquished Creatures (collateral kills)
  An orc (D:3)
  A ball python (D:3)
  A quokka (D:3)
  A rat (D:3)
4 creatures vanquished.

Vanquished Creatures (others)
  10 plants (D:6)
10 creatures vanquished.

Grand Total: 77 creatures vanquished

Notes
Turn   | Place    | Note
-------+----------+-------------------------------------------
     0 | D:1      | rlgrobin the Deep Elf Chaos Knight began the quest for the
                  | Orb.
     0 | D:1      | Reached XP level 1. HP: 13/13 MP: 3/3
    60 | D:1      | Reached skill level 1 in Stealth
   248 | D:1      | XOM: potion effect (heal wounds)
   254 | D:1      | Reached XP level 2. HP: 18/18 MP: 4/4
   381 | D:1      | Learned a level 1 spell: Beastly Appendage
   772 | D:1      | XOM: divination: detect creatures
   806 | D:2      | Got the Spellbook of the Lumpy Interlopers
   938 | D:2      | Reached XP level 3. HP: 21/22 MP: 5/5
   965 | D:2      | Learned a level 2 spell: Momentum Strike
  1014 | D:2      | Reached skill level 1 in Spellcasting
  1113 | D:2      | XOM: silly message
  1170 | D:2      | Reached skill level 1 in Transmutations
  1265 | D:2      | XOM: silly message
  1605 | D:3      | Identified the +1 ring mail of Complete Protection {Int+3}
  1700 | D:3      | Noticed Natasha
  1713 | D:3      | Killed Natasha
  1714 | D:3      | Reached skill level 2 in Spellcasting
  1714 | D:3      | Reached XP level 4. HP: 21/27 MP: 6/9
  1744 | D:3      | Noticed Natasha
  1748 | D:3      | XOM: summons friendly quasit
  1754 | D:3      | Killed Natasha
  1755 | D:3      | Reached skill level 1 in Conjurations
  1796 | D:3      | Reached skill level 3 in Spellcasting
  1961 | D:3      | Found Ujekhlap's General Store.
  1969 | D:3      | Bought a scroll of teleportation for 42 gold pieces
  1969 | D:3      | Bought a potion of curing for 42 gold pieces
  2245 | D:3      | XOM is BORED!
  2245 | D:3      | XOM: stat loss: -3 Str (6/9)
  2459 | D:4      | Reached XP level 5. HP: 31/31 MP: 10/12
  2832 | D:4      | You fall into a shaft and drop 2 floors!
  2838 | D:6      | Identified the +6 spear of Xoej {vamp, Dex+4}
  2843 | D:6      | XOM: give mutations
  2843 | D:6      | Gained mutation: Your body sometimes deteriorates upon
                  | taking damage. [Xom's mischief]
  2843 | D:6      | Gained mutation: You occasionally lose the ability to drink
                  | potions when taking damage. [Xom's mischief]
  2843 | D:6      | Gained mutation: You are weak. (Str -2) [Xom's mischief]
  2843 | D:6      | Lost mutation: You are weak. (Str -2) [Xom's mischief]
  2896 | D:6      | Noticed a phantom
  2904 | D:5      | Entered Level 5 of the Dungeon
  2930 | D:5      | Found a sparkling altar of Nemelex Xobeh.
  2941 | D:5      | Noticed an ice beast
  2960 | D:5      | Killed an ice beast
  2961 | D:5      | Reached skill level 4 in Spellcasting
  3022 | D:5      | Noticed an ice beast
  3026 | D:5      | XOM: confuse monster(s)
  3038 | D:5      | Killed an ice beast
  3039 | D:5      | Reached skill level 5 in Spellcasting
  3039 | D:5      | Reached XP level 6. HP: 36/36 MP: 13/15
  3191 | D:5      | Reached skill level 1 in Ice Magic
  3378 | D:5      | XOM: silly message
  3414 | D:5      | XOM: potion effect (brilliance)
  3418 | D:5      | Mangled by an iguana

Illustrated notes

Levels and vault maps discovered:
D:1:      wander_arrival_estate, layout_basic
D:2:      layout_basic, st_stairs_4
D:3:      minmay_skewed_foursquare, layout_loops_ring, serial_shops,
          nicolae_diamond_shop, serial_bayou_ford_a, serial_bayou_lake_a,
          uniq_natasha
D:4:      layout_layer_cave, uniq_pikel
D:5:      layout_rooms, mainiacjoe_overflow_paths, serial_shops,
          nicolae_shop_behind_doors, serial_corexii_hall,
          corexii_hall_statues_i, corexii_hall_statues_deadend,
          minmay_diced_spiral
D:6:      layout_gridville, mainiacjoe_overflow_boulevard,
          minmay_temple_entry_purple_smoke, serial_bayou, serial_bayou_shore_a,
          serial_bayou_pond_d, serial_bayou_lagoon_a, serial_bayou_pond_a,
          uniq_maggie

Skill      XL: |  1  2  3  4  5  6 |
---------------+-------------------+-----
Stealth        | 2 3 |  3.6
Spellcasting   | 2 3 5 |  5.1
Transmutations | 1 |  1.8
Conjurations   | 1 3 4 |  4.0
Ice Magic      | 1 |  1.5
Fighting       | |  2.4
Short Blades   | |  3.0
Armour         | |  0.7
Dodging        | |  2.4

Action                   |  1- 3 |  4- 6 || total
-------------------------+-------+-------++-------
Melee: Short sword       |   125 |   116 ||   241
       Punch             |     1 |       ||     1
       Headbutt          |     3 |     1 ||     4
       Kick              |     2 |     3 ||     5
Throw: Dart              |       |     2 ||     2
 Cast: Beastly Appendage |     3 |     2 ||     5
 Stab: Sleeping          |     5 |     2 ||     7
       Distracted        |       |     1 ||     1
       Petrified         |       |     2 ||     2
       Confused          |       |     1 ||     1
       Petrifying        |       |     1 ||     1
Armor: Leather armour    |    38 |    36 ||    74
Dodge: Dodged            |    85 |    61 ||   146

Table legend: (Time is in decaauts)
 A = Elapsed time spent in this place.
 B = Non-inter-level travel time spent in this place.
 C = Inter-level travel time spent in this place.
 D = Time resting spent in this place.
 E = Time spent auto-exploring this place.
 F = Levels seen in this place.
 G = Mean time per level.
                   A        B        C        D        E       F      G
               +--------+--------+--------+--------+--------+-----+--------+
         Total |   3452 |   3328 |    124 |    292 |   2421 |   6 |  575.3 |
       Dungeon |   3452 |   3328 |    124 |    292 |   2421 |   6 |  575.3 |
               +--------+--------+--------+--------+--------+-----+--------+

Top non-repeatable levels by time:
     D:3: 874 daAuts
     D:1: 779 daAuts
     D:2: 723 daAuts
     D:5: 505 daAuts
     D:4: 499 daAuts
     D:6: 70 daAuts
